 Dungeon Crawl Stone Soup version 0.30-a0-166-g5d06c95188 (webtiles) character file.

Game seed: 6114061947719977901

52 qw the Chopper (level 3, -2/23 HPs)
             Began as a Gargoyle Fighter on Sept 28, 2022.
             Killed from afar by Sigmund (5 damage)
             ... with a puff of flame
             ... on level 2 of the Dungeon.
             The game lasted 00:00:21 (796 turns).

qw the Chopper (Gargoyle Fighter)                    Turns: 796, Time: 00:00:22

Health: -2/23      AC: 10    Str: 21    XL:     3   Next: 85%
Magic:  3/3        EV:  9    Int:  8    God:
Gold:   26         SH:  4    Dex:  9    Spells: 2/2 levels left

rFire   . . .      SeeInvis .    a - +0 war axe
rCold   . . .      Faith    .    c - +0 buckler
rNeg    + . .      Spirit   .    b - +0 scale mail
rPois   inf        Reflect  .    (no helmet)
rElec   +          Harm     .    (no cloak)
rCorr   .          Rampage  .    (no gloves)
Will    .....                    (no boots)
Stlth   ..........               (no amulet)
HPRegen 0.07/turn                (no ring)
MPRegen 0.08/turn                (no ring)

@: no status effects
A: sickness immunity, AC +3, negative energy resistance 1, electricity
resistance, torment resistance 1, petrification resistance
a: no special abilities


You were on level 2 of the Dungeon.
You visited 1 branch of the dungeon, and saw 2 of its levels.

You collected 26 gold pieces.


Innate Abilities, Weirdness & Mutations

You are immune to sickness and miasma.
Your stone body is resilient. (AC +3)
You are immune to poison.
You resist negative energy. (rN+)
You are resistant to electric shocks. (rElec)
You are resistant to unholy torment.
You are immune to petrification.


   Skills:
 - Level 3.2 Fighting
 + Level 3.6 Axes
 - Level 3.2 Armour
 - Level 3.2 Shields


You had 2 spell levels left.
You didn't know any spells.
Your spell library was empty.

Inventory:

Hand Weapons
 a - a +0 war axe (weapon)
 g - a +0 whip
Armour
 b - a +0 scale mail (worn)
 c - a +0 buckler (worn)
 i - a +0 helmet
Jewellery
 j - a ring of ice
Scrolls
 e - 2 scrolls of identify {unknown}
 h - a scroll of enchant armour {unknown}
Potions
 d - a potion of might
 f - a potion of mutation {unknown}

Dungeon Overview and Level Annotations

Branches:
Dungeon (1/15)

Altars:

Annotations:
D:2 Sigmund


Message History

Deactivating autopickup; reactivate with Ctrl-A.
Enter note:
There is an open door here.
You closely miss the rat. The rat bites you but does no damage.
You block the rat's attack.
You barely miss the rat. You block the rat's attack.
You barely miss the rat. Something hits you but does no damage.
The rat closely misses you.
You closely miss the rat. The rat barely misses you.
Something hits you but does no damage. The rat bites you but does no damage.
You hit the rat but do no damage. The rat barely misses you.
Something hits you but does no damage.
You barely miss the rat. You block the rat's attack. Something hits you.
You closely miss the rat.
The rat barely misses you. x2; Something hits you.
You hit the rat.
The rat is severely wounded.
The rat barely misses you. Something hits you.
You slash the rat!
You kill the rat!
Something hits you.
You swing at nothing.
You swing at nothing.
Something hits you.
You swing at nothing.
Something hits you.
You swing at nothing.
Something hits you but does no damage.
You swing at nothing.
Something hits you but does no damage.
You swing at nothing.
Something hits you but does no damage.
You swing at nothing.
You hear some strange, mumbled words.
A puff of flame appears from out of thin air!
The puff of flame hits you.
You die...

..... #..)....##
#......## ####...#..
#.........g.g....#..
##.......#####.####..
#...#'##.# #.# #..
#...#.##.# #.######
#...#.##.# #.#...).
###...#.##.# #.#%#.).
#.'...@....### #.#....)
#.#...#......###.)..###
#.{.######.......## #
............>##.#.#
#....############.#.#
..... .#######.#.# #...
.........#.# #...
.#########.# #.#


There were no monsters in sight!

Vanquished Creatures
  Robin (D:2)
  A gnoll (D:1)
  A ball python (D:2)
  An endoplasm (D:2)
  2 giant cockroaches (D:2)
  14 goblins
  2 hobgoblins (D:2)
  2 kobolds (D:2)
  A frilled lizard (D:2)
  2 rats (D:2)
27 creatures vanquished.

Notes
Turn   | Place    | Note
-------+----------+-------------------------------------------
     0 | D:1      | qw the Gargoyle Fighter began the quest for the Orb.
     0 | D:1      | Reached XP level 1. HP: 14/14 MP: 1/1
     0 | D:1      | 0 ||| qw: Version: 0.2-a-12-gaebbb33
     0 | D:1      | 0 ||| qw: Game counter: 1004
     0 | D:1      | 0 ||| qw: Always use a shield: true
     0 | D:1      | 0 ||| qw: God list: Okawaru
     0 | D:1      | 0 ||| qw: Allow faded altars: false
     0 | D:1      | 0 ||| qw: Do Orc after D:15 true
     0 | D:1      | 0 ||| qw: Do second Lair branch before Depths: true
     0 | D:1      | 0 ||| qw: Lair rune preference: random
     0 | D:1      | 0 ||| qw: Plans: Normal, Zot:1-4, God:TSO, Crypt, Tomb,
                  | Pan, Slime:5, Hells, Abyss, Orb
     0 | D:1      | 0 ||| PLANNING D:1-11
   122 | D:1      | Reached XP level 2. HP: 13/19 MP: 2/2
   208 | D:1      | 208 ||| DROPPING +0 club.
   236 | D:1      | You fall into a shaft and drop 1 floor!
   241 | D:2      | Found a faded altar of an unknown god.
   388 | D:2      | 388 ||| Stepping ~*~*~tactically~*~*~ (stealth).
   415 | D:2      | 415 ||| Stepping ~*~*~tactically~*~*~ (hiding).
   416 | D:2      | 416 ||| Stepping ~*~*~tactically~*~*~ (hiding).
   433 | D:2      | Reached skill level 3 in Axes
   527 | D:2      | Reached XP level 3. HP: 23/23 MP: 3/3
   642 | D:2      | Noticed Robin
   643 | D:2      | 643 ||| Stepping ~*~*~tactically~*~*~ (stealth).
   644 | D:2      | 644 ||| Stepping ~*~*~tactically~*~*~ (stealth).
   659 | D:2      | Killed Robin
   779 | D:2      | Noticed Sigmund
   791 | D:2      | HP: 5/23 [something (6)]
   796 | D:2      | Killed from afar by Sigmund

Levels and vault maps discovered:
D:1:      sevenhm_arrival_forest_fort_small_5, layout_basic
D:2:      layout_basic, shapermc_ecumenical_altar_totnotflames, uniq_robin,
          uniq_sigmund

Skill      XL: |  1  2 |
---------------+-------+-----
Axes           | 2 3 |  3.6
Fighting       | |  3.2
Armour         | |  3.2
Shields        | |  3.2

Action                   || total
-------------------------++-------
Melee: War axe           ||    68
Armor: Scale mail        ||    39
Dodge: Dodged            ||    24
Block: Buckler           ||    14

Table legend:
 A = Non-vault XP
 B = Vault XP
 C = Vault XP percentage of total XP
 D = Non-vault monster count
 E = Vault monster count
 F = Vault count percentage of total count
                 A         B        C        D         E       F
            +---------+---------+-------+---------+---------+-------
      Total |      39 |      36 |  48.0 |      15 |      12 |  44.4
            +---------+---------+-------+---------+---------+-------
        D:1 |      16 |       0 |   0.0 |       2 |       0 |   0.0
        D:2 |      23 |      36 |  61.0 |      13 |      12 |  48.0
            +---------+---------+-------+---------+---------+-------
